 Dungeon Crawl Stone Soup version 0.28-a0-563-gf77a47075d (webtiles) character file.

Game seed: 3191654011976730496

1120 iamoutofideas the Thaumaturge (level 8, -5/41 HPs)
             Began as a Deep Elf Fire Elementalist on Sept 30, 2021.
             Was an Initiate of Vehumet.
             Killed by divine providence
             ... invoked by an orc priest
              (11 damage)
             ... on level 5 of the Dungeon.
             The game lasted 00:12:37 (7311 turns).

iamoutofideas the Thaumaturge (DEFE)                Turns: 7311, Time: 00:12:37

Health: -5/41      AC:  5    Str:  5    XL:     8   Next: 12%
Magic:  11/22      EV: 14    Int: 29    God:    Vehumet [......]
Gold:   207        SH:  0    Dex: 17    Spells: 13/23 levels left

rFire   + . .      SeeInvis .   j - +2 dagger (vamp)
rCold   . . .      Faith    .   (no shield)
rNeg    + . .      Spirit   .   t - +1 robe {rN+}
rPois   +          Reflect  .   o - +0 helmet
rElec   .          Harm     .   w - +0 cloak
rCorr   .          Rampage  .   (no gloves)
Will    .....                   (no boots)
Stlth   ++........              (no amulet)
HPRegen 0.13/turn               c - ring of poison resistance
MPRegen 0.18/turn               f - +6 ring of intelligence

@: no status effects
A: agile 1, fire resistance 1, subdued magic 1
a: Renounce Religion


You were on level 5 of the Dungeon.
You worshipped Vehumet.
Vehumet was noncommittal.
You visited 2 branches of the dungeon, and saw 6 of its levels.

You collected 231 gold pieces.
You spent 24 gold pieces at shops.

Inventory:

Hand Weapons
 j - a +2 vampiric dagger (weapon)
Armour
 h - a +1 scale mail of positive energy
 o - a +0 helmet (worn)
 t - a +1 robe of positive energy (worn)
 w - a +0 cloak (worn)
Magical Staves
 p - a staff of air
Jewellery
 c - a ring of poison resistance (left hand)
 f - a +6 ring of intelligence (right hand)
Wands
 g - a wand of flame (3)
Scrolls
 a - a scroll of holy word {unknown}
 b - 3 scrolls of enchant armour
 d - 2 scrolls of silence
 e - a scroll of blinking {unknown}
 k - 5 scrolls of amnesia {unknown}
 l - a scroll of noise {unknown}
 m - 5 scrolls of identify
 q - 2 scrolls of vulnerability {unknown}
 s - a scroll of enchant weapon {unknown}
 u - 2 scrolls of magic mapping {unknown}
 x - 2 scrolls of teleportation {unknown}
Potions
 i - a potion of attraction {unknown}
 n - a potion of lignification
 r - a potion of haste {unknown}
 v - a potion of flight {unknown}
 z - a potion of invisibility {unknown}


   Skills:
 + Level 4.0 Dodging
 - Level 3.1 Stealth
 - Level 0.1 Unarmed Combat
 + Level 8.4 Spellcasting
 + Level 4.4 Conjurations
 + Level 6.8 Fire Magic


You had 13 spell levels left.
You knew the following spells:

 Your Spells              Type           Power      Damage    Failure   Level
a - Foxfire               Conj/Fire      100%       2x1d9     1%          1
b - Scorch                Fire           78%        2d8       1%          2
c - Conjure Flame         Conj/Fire      34%        6-21      1%          3
d - Flame Wave            Conj/Fire      34%        3d7       3%          4

Your spell library contained the following spells:

 Spells                   Type           Power      Damage    Failure   Level
 Inner Flame              Hex/Fire       24%        N/A       2%          3
 Blink                    Tloc           N/A        N/A       5%          2
 Fireball                 Conj/Fire      17%        3d9       10%         5
 Lesser Beckoning         Tloc           9%         N/A       11%         3
 Summon Guardian Golem    Hex/Summ       9%         N/A       11%         3
 Starburst                Conj/Fire      17%        6d6       52%         6
 Manifold Assault         Tloc           9%         N/A       73%         5
 Orb of Destruction       Conj           14%        9d7       99%         7
 Spellforged Servitor     Conj/Summ      9%         N/A       100%        7
 Ignition                 Fire           19%        3d7       100%        8


Dungeon Overview and Level Annotations

Branches:
Dungeon (5/15)             Temple (1/1) D:5

Altars:
Ashenzari
Dithmenos
Elyvilon
Fedhas
Gozag
Hepliaklqana
Makhleb
Nemelex Xobeh
Okawaru
Qazlal
Trog
Uskayaw
Vehumet
Wu Jian
Xom
Yredelemnul
The Shining One

Shops:
D:2 ?   D:5 =

Annotations:
D:3 exclusion: downstairs


Innate Abilities, Weirdness & Mutations

You are agile. (Dex +2)
Your flesh is heat resistant. (rF+)
Your spells are a little easier to cast, but a little less powerful.


Message History

The orc is moderately wounded.
The orc priest invokes the aid of Beogh against you.
Beogh smites you!
Your Dodging skill increases to level 4!
An orc is nearby!
Casting: Foxfire (safe; 1% risk of failure)
Confirm with . or Enter, or press ? or * to list all spells.
Okay, then.
Casting: Foxfire (safe; 1% risk of failure)
Confirm with . or Enter, or press ? or * to list all spells.
Casting: Flame Wave (dangerous; 3% risk of failure)
Press: ? - help, Dir - look around, f - activate A wave of flame ripples out!
The flame wave engulfs the orc!
You kill the orc!
Vehumet accepts your kill. (Press . to intensify the flame waves.)
You hear a shout!
The orc priest casts a cantrip, but nothing happens.
A wave of flame ripples out!
The flame wave engulfs the orc priest!
You kill the orc priest!
Vehumet accepts your kill.
A wave of flame ripples out!
The flame wave engulfs the orc!
You kill the orc!
Vehumet accepts your kill.
You finish channelling waves of flame.
The orc priest invokes the aid of Beogh against you.
Beogh smites you!
* * * LOW HITPOINT WARNING * * *
Casting: Flame Wave (dangerous; 3% risk of failure)
Confirm with . or Enter, or press ? or * to list all spells.
You conjure some foxfire!
Your foxfire dissipates!
The foxfire hits the orc priest.
The orc priest is almost dead.
The orc priest invokes the aid of Beogh against you.
Pain shoots through your body!
* * * LOW HITPOINT WARNING * * *
The orc priest invokes the aid of Beogh against you.
Beogh smites you!
You die...

#.###.####.#..####.###.# #..
#...................##.####.
#...........................
###o#o#####...####..##.####.
#.####o#o#####...# #..........
#................####.....####.
######.#.#####..#..............
######.#.#####..#####..##.####.
#........oo...@...........# #.#
######.#######..#####..##.###.#
#.# #................. #.#
##.######.##.###.# #.#
...............# #.#
##########.##### #.# #.#
#.##################.#####
#.........................


You could see an orc priest and an orc.

Vanquished Creatures
  Duvessa (D:4)
  4 ogres
  A necrophage (D:5)
  A centaur (D:4)
  Dowan (D:4)
  A howler monkey (D:5)
  2 orc priests (D:5)
  A hound (D:5)
  2 iguanas (D:4)
  Ijyb (D:3)
  A centaur skeleton (D:5)
  3 orc wizards (D:3)
  A hound skeleton (D:5)
  A gnoll (D:1)
  An adder (D:4)
  An ufetubus (D:4)
  An adder skeleton (D:4)
  2 worms (D:2)
  5 dart slugs
  23 orcs
  8 ball pythons
  5 bats
  9 endoplasms
  A giant cockroach (D:2)
  10 hobgoblins
  2 jackals
  9 kobolds
  A quokka (D:3)
  5 frilled lizards
  8 goblins
  11 rats
123 creatures vanquished.

Vanquished Creatures (others)
  275 foxfires
275 creatures vanquished.

Grand Total: 398 creatures vanquished

Notes
Turn   | Place    | Note
-------+----------+-------------------------------------------
     0 | D:1      | iamoutofideas the Deep Elf Fire Elementalist began the
                  | quest for the Orb.
     0 | D:1      | Reached XP level 1. HP: 10/10 MP: 6/6
   994 | D:1      | Reached XP level 2. HP: 15/15 MP: 5/8
  1333 | D:1      | Reached XP level 3. HP: 11/19 MP: 5/9
  1464 | D:1      | Found a faded altar of an unknown god.
  2222 | D:1      | Learned a level 2 spell: Scorch
  2226 | D:1      | Learned a level 3 spell: Conjure Flame
  2360 | D:2      | Found Suosk's Magic Scroll Shoppe.
  2365 | D:2      | Bought a scroll of identify for 24 gold pieces
  2791 | D:2      | Reached XP level 4. HP: 24/24 MP: 9/11
  2973 | D:3      | Reached skill level 4 in Spellcasting
  3249 | D:3      | Learned a level 4 spell: Flame Wave
  3528 | D:3      | Reached XP level 5. HP: 28/28 MP: 11/14
  3688 | D:3      | Noticed Ijyb
  3700 | D:3      | Gained mutation: Your flesh is heat resistant. (rF+)
                  | [potion of mutation]
  3700 | D:3      | Gained mutation: Your spells are a little easier to cast,
                  | but a little less powerful. [potion of mutation]
  3700 | D:3      | Gained mutation: You are agile. (Dex +2) [potion of
                  | mutation]
  3714 | D:3      | Killed Ijyb
  4054 | D:3      | Reached skill level 5 in Spellcasting
  5082 | D:4      | Noticed a centaur
  5128 | D:4      | Noticed an ogre
  5134 | D:4      | Killed an ogre
  5135 | D:4      | Reached skill level 5 in Fire Magic
  5135 | D:4      | Reached XP level 6. HP: 32/32 MP: 3/16
  5241 | D:4      | Reached skill level 6 in Spellcasting
  5653 | D:4      | Found an ornate altar of the Wu Jian Council.
  5763 | D:4      | Noticed Duvessa
  5769 | D:4      | Killed Duvessa
  5769 | D:4      | Noticed Dowan
  5770 | D:4      | Reached XP level 7. HP: 25/36 MP: 9/18
  5772 | D:4      | Killed Dowan
  6354 | D:5      | Entered Level 5 of the Dungeon
  6360 | D:5      | Reached skill level 7 in Spellcasting
  6602 | D:5      | Found a staircase to the Ecumenical Temple.
  6623 | Temple   | Entered the Ecumenical Temple
  6815 | Temple   | Became a worshipper of Vehumet
  6999 | D:5      | Reached skill level 8 in Spellcasting
  7124 | D:5      | Found Fiawiff's Jewellery Shop.
  7198 | D:5      | Reached XP level 8. HP: 38/41 MP: 20/22
  7311 | D:5      | Killed from afar by an orc priest

Illustrated notes

Levels and vault maps discovered:
D:1:      matt_arrival_refuge, layout_loops_corners,
          hellmonk_ecumenical_altar_crossroads, minmay_heptomino_w4
D:2:      cheibrodos_helix_gallery, layout_basic, serial_shops, shop_fountains,
          st_stairs_13
D:3:      wad_river_or_something, layout_basic, uniq_ijyb
D:4:      minmay_wonky_spiral, layout_rooms, nzn_wu_jian_contemplation,
          uniq_duvessa
D:5:      layout_basic, temple_green, serial_shops, shop, shop,
          minmay_misc_feat_doors
Temple:   eino_temple_scatter_basement

Skill      XL: |  1  2  3  4  5  6  7  8 |
---------------+-------------------------+-----
Fire Magic     | 4 5 6 |  6.8
Stealth        | 3 |  3.1
Spellcasting   | 4 5 6 8 |  8.4
Conjurations   | 2 3 4 |  4.4
Dodging        | 3 4 |  4.0
Unarmed Combat | |  0.1

Action                   |  1- 3 |  4- 6 |  7- 9 || total
-------------------------+-------+-------+-------++-------
Melee: Unarmed           |     3 |     4 |       ||     7
       Punch             |       |     1 |       ||     1
       Dagger            |       |     8 |    13 ||    21
 Cast: Foxfire           |    76 |    73 |    28 ||   177
       Scorch            |       |     8 |     7 ||    15
       Flame Wave        |       |     5 |     4 ||     9
       Conjure Flame     |       |       |     2 ||     2
Evoke: Wand              |       |     1 |       ||     1
  Use: Scroll            |     2 |       |       ||     2
       Potion            |       |     6 |       ||     6
 Stab: Sleeping          |       |     1 |       ||     1
Armor: Robe              |    14 |     7 |     8 ||    29
       Skin              |       |    13 |       ||    13
Dodge: Dodged            |    30 |    22 |    16 ||    68

Table legend: (Time is in decaauts)
 A = Elapsed time spent in this place.
 B = Non-inter-level travel time spent in this place.
 C = Inter-level travel time spent in this place.
 D = Time resting spent in this place.
 E = Time spent auto-exploring this place.
 F = Levels seen in this place.
 G = Mean time per level.
                   A        B        C        D        E       F      G
               +--------+--------+--------+--------+--------+-----+--------+
         Total |   7321 |   7089 |    232 |    975 |   5056 |   6 | 1220.2 |
       Dungeon |   7116 |   6897 |    219 |    975 |   4889 |   5 | 1423.2 |
        Temple |    205 |    192 |     13 |      0 |    167 |   1 |  205.0 |
               +--------+--------+--------+--------+--------+-----+--------+

Top non-repeatable levels by time:
     D:3: 2194 daAuts
     D:1: 2136 daAuts
     D:4: 1228 daAuts
     D:2: 805 daAuts
     D:5: 751 daAuts
  Temple: 205 daAuts
